 Dungeon Crawl Stone Soup version 0.18-a0-19-g8b99b3a (webtiles) character file.

1185 tp1 the Thaumaturge (level 8, 0/41 HPs)
             Began as a Deep Elf Fire Elementalist on Nov 1, 2015.
             Was an Initiate of Vehumet.
             Slain by an orc warrior
             ... wielding a +5 flail of venom
              (24 damage)
             ... on level 6 of the Dungeon.
             The game lasted 00:31:13 (8196 turns).

tp1 the Thaumaturge (Deep Elf Fire Elementalist)    Turns: 8196, Time: 00:31:13

Health: 0/41       AC:  4    Str:  5    XL:     8   Next: 19%
Magic:  14/22      EV: 13    Int: 23    God:    Vehumet [......]
Gold:   266        SH:  0    Dex: 15    Spells: 4 memorised, 12 levels left

rFire  . . .     SeeInvis +     C - +0 quarterstaff
rCold  . . .     Clarity  +     a - +0 robe
rNeg   . . .     SustAt   .     (shield currently unavailable)
rPois  .         Gourm    .     z - +0 helmet
rElec  .         Spirit   .     h - +0 cloak
rCorr  .         Warding  .     (no gloves)
rMut   .         Stasis   .     (no boots)
MR     .....                    k - amulet of clarity
Stlth  +++.......               v - ring of see invisible
                                d - ring of stealth

@: not resistant to hostile enchantments, fairly stealthy
A: sense surroundings 1
a: Renounce Religion


You were on level 6 of the Dungeon.
You worshipped Vehumet.
Vehumet was noncommittal.
You were not hungry.

You visited 2 branches of the dungeon, and saw 8 of its levels.

You collected 266 gold pieces.

Inventory:

Hand Weapons
 f - a +0 dagger of holy wrath
 g - a +3 hand axe of electrocution
 r - a +0 blowgun
 C - a +0 quarterstaff (weapon)
Missiles
 q - 26 poisoned needles (quivered)
Armour
 a - a +0 robe (worn)
 h - a +0 cloak (worn)
 z - a +0 helmet (worn)
Jewellery
 d - a ring of stealth (left hand)
 k - an amulet of clarity (around neck)
 v - a ring of see invisible (right hand)
Wands
 o - a wand of enslavement (20)
 p - a wand of fireball (12)
Scrolls
 e - 2 scrolls of remove curse
 i - a scroll of random uselessness {unknown}
 u - a scroll of noise {unknown}
 x - a scroll of teleportation
 y - 4 scrolls of identify
 A - 2 scrolls of magic mapping
 E - a scroll of immolation {unknown}
Potions
 j - 2 potions of might
 m - 2 potions of heal wounds {unknown}
 t - a potion of ambrosia {unknown}
 w - a potion of cancellation {unknown}
 F - 2 potions of lignification {unknown}
 G - a potion of berserk rage {unknown}
 H - a potion of agility {unknown}
 J - a potion of haste {unknown}
Books
 b - a book of Flames

   Spells                             Type                      Level
   a - Flame Tongue                   Conjuration/Fire             1
   b - Throw Flame                    Conjuration/Fire             2
   c - Conjure Flame                  Conjuration/Fire             3
   d - Inner Flame                    Hexes/Fire                   3
   e - Sticky Flame                   Conjuration/Fire             4
   f - Fireball                       Conjuration/Fire             5
Comestibles
 c - 5 bread rations
 n - 3 beef jerkies
 s - 4 slices of pizza
 B - a royal jelly
 D - a chunk of flesh
 I - 2 fruits


   Skills:
 - Level 2.4 Dodging
 - Level 2.4 Stealth
 + Level 8.5 Spellcasting
 - Level 5.2 Conjurations
 - Level 7.3 Fire Magic


You had 12 spell levels left.
You knew the following spells:

 Your Spells              Type           Power        Failure   Level  Hunger
a - Flame Tongue          Conj/Fire      #####        1%          1    None
b - Conjure Flame         Conj/Fire      #####...     1%          3    None
c - Inner Flame           Hex/Fire       ####....     6%          3    None
d - Fireball              Conj/Fire      #####.....   17%         5    #####..


Dungeon Overview and Level Annotations

Branches:
Dungeon (7/15)             Temple (1/1) D:6

Altars:
Cheibriados
Elyvilon
Gozag
Kikubaaqudgha
Makhleb
Nemelex Xobeh
Qazlal
Ru
Sif Muna
Trog
Vehumet
Xom
Yredelemnul
Zin
The Shining One

Annotations:
D:5 Blork the orc


Innate Abilities, Weirdness & Mutations

You passively map a small area around you.


Message History

Drink which item? (? for menu, Esc to quit)
You feel better. The orc warrior barely misses you.
Casting: Flame Tongue
Confirm with . or Enter, or press ? or * to list all spells.
Aiming: Flame Tongue
Press: ? - help, Shift-Dir - straight line, f/p - orc warrior
Aim: an orc warrior, wielding a flail of venom and wearing a chain mail (heavily wounded)
The flame tongue hits the orc warrior.
The orc warrior is severely wounded.
The orc warrior completely misses you.
Casting: Flame Tongue
Confirm with . or Enter, or press ? or * to list all spells.
Aiming: Flame Tongue
Press: ? - help, Shift-Dir - straight line, f/p - orc warrior
Aim: an orc warrior, wielding a flail of venom and wearing a chain mail (severely wounded)
The flame tongue hits the orc warrior.
The orc warrior is severely wounded.
The orc warrior hits you with a flail of venom!!
Ouch! That really hurt!
You die...

#........# #..###
#...####.####....##### #...#
#.......#.#...#
#...############.#.#.######
#...##.....# #.#.........
#...##.###.# #.###.######
#(...#.###.# #.# #.# #
#.#.....##o#####.###.######
#<...#..##@................
##.####..##.####..###.######
#..[.....##.# #.........# #
########.##.# #...#.#...####
#....##.# #..#.#.#......
#.#####.###.#.#.#.#.#### #.#
#......#.>.#......
#.#########.#.#.#.#.....
#............#.#.#...###


You could see an orc warrior.

Vanquished Creatures
  A wyvern (D:6)
  An ice beast (D:5)
  A sky beast (D:6)
  An ogre (D:5)
  A centaur (D:6)
  A giant frog (D:6)
  2 hounds
  3 orc priests (D:3)
  A giant frog skeleton (D:5)
  A centaur skeleton (D:6)
  4 orc wizards
  3 worker ants
  4 gnolls (D:4)
  7 adders
  A shadow imp (D:5)
  An ooze (D:2)
  A worm (D:2)
  2 adder skeletons
  4 giant geckos
  8 orcs
  8 bats
  7 giant cockroaches
  9 hobgoblins
  5 ball pythons
  A ball python skeleton (D:4)
  8 giant newts
  16 goblins
  8 kobolds
  2 quokkas
  A quokka skeleton (D:6)
  9 rats
122 creatures vanquished.

Notes
Turn   | Place    | Note
--------------------------------------------------------------
     0 | D:1      | tp1 the Deep Elf Fire Elementalist began the quest for the Orb.
     0 | D:1      | Reached XP level 1. HP: 10/10 MP: 6/6
   212 | D:1      | Reached skill level 4 in Spellcasting
   212 | D:1      | Reached XP level 2. HP: 13/15 MP: 7/9
  1019 | D:2      | Reached XP level 3. HP: 19/19 MP: 9/11
  1083 | D:2      | Reached skill level 5 in Spellcasting
  1675 | D:2      | Reached XP level 4. HP: 24/24 MP: 10/13
  1680 | D:2      | Learned a level 3 spell: Conjure Flame
  1684 | D:2      | Learned a level 3 spell: Inner Flame
  3631 | D:3      | Reached XP level 5. HP: 16/28 MP: 8/14
  3876 | D:3      | Reached skill level 5 in Fire Magic
  4301 | D:4      | Reached XP level 6. HP: 32/32 MP: 11/15
  4313 | D:4      | Learned a level 5 spell: Fireball
  4547 | D:4      | Reached skill level 6 in Fire Magic
  5950 | D:5      | Entered Level 5 of the Dungeon
  6151 | D:5      | Reached skill level 7 in Fire Magic
  6151 | D:5      | Reached XP level 7. HP: 36/36 MP: 5/16
  6309 | D:5      | Noticed Blork the orc
  6332 | D:6      | Reached skill level 5 in Conjurations
  6436 | D:6      | Noticed a wyvern
  6445 | D:6      | Killed a wyvern
  6599 | D:6      | Gained mutation: Your muscles are strong. (Str +2) [mutagenic meat]
  6600 | D:6      | Lost mutation: Your muscles are strong. (Str +2) [mutagenic meat]
  6601 | D:6      | Gained mutation: Your muscles are strong. (Str +2) [mutagenic meat]
  6602 | D:6      | Gained mutation: You passively map a small area around you. [mutagenic meat]
  6603 | D:6      | Lost mutation: Your muscles are strong. (Str +2) [mutagenic meat]
  6709 | D:6      | Found a staircase to the Ecumenical Temple.
  6753 | Temple   | Entered the Ecumenical Temple
  6822 | Temple   | Became a worshipper of Vehumet
  6847 | D:6      | Found a stormy altar of Qazlal.
  6849 | D:6      | Found a glowing golden altar of the Shining One.
  6912 | D:6      | Reached XP level 8. HP: 41/41 MP: 15/21
  7110 | D:6      | Reached skill level 8 in Spellcasting
  7430 | D:6      | Found a staircase to the Ecumenical Temple.
  7444 | D:6      | Found a stormy altar of Qazlal.
  7446 | D:6      | Found a glowing golden altar of the Shining One.
  8196 | D:6      | Slain by an orc warrior

Vault maps used:
D:1:      lemuel_arrival_room
D:2:      minivault_5, kennysheep_generic_room_10
D:3:      first_bread, grunt_decor_one_mirror
D:5:      minmay_goblin_kobold_castle, okawaru_gym_becter, serial_shops,
          kennysheep_mini_moat, uniq_duvessa, uniq_blork_the_orc
D:6:      nicolae_overflow_hidden_temple, minmay_temple_entry_grid
Temple:   nicolae_temple_god_jail

Action                   |  1- 3 |  4- 6 |  7- 9 || total
-------------------------+-------+-------+-------++-------
Melee: Hand axe          |    29 |     4 |       ||    33
       Dagger            |       |     4 |       ||     4
       Quarterstaff      |       |       |     2 ||     2
 Fire: Blowgun           |       |     7 |       ||     7
 Cast: Flame Tongue      |    60 |   109 |    71 ||   240
       Conjure Flame     |       |     8 |     4 ||    12
       Inner Flame       |       |     5 |     1 ||     6
       Fireball          |       |       |     1 ||     1
  Use: Potion            |     1 |       |     2 ||     3
       Scroll            |     6 |       |     1 ||     7
 Stab: Sleeping          |     2 |       |       ||     2
  Eat: Chunk             |     2 |    11 |     7 ||    20
       Meat ration       |       |     1 |     1 ||     2
